[Event "*** Titled Tuesday Blitz"]
[Site "Chess.com"]
[Date "2020.02.04"]
[Round "8"]
[White "AliKa2810"]
[Black "arminmusovic"]
[Result "0-1"]
[WhiteElo "2618"]
[BlackElo "2537"]
[TimeControl "180+2"]
[EndTime "14:53:32 PST"]
[Termination "arminmusovic won on time"]

1. e4 c6 2. d4 d5 3. e5 c5 4. dxc5 Nc6 5. Nf3 Bg4 6. Bb5 e6 7. O-O Bxc5 8. h3 Bh5 9. c4 a6 10. Ba4 dxc4 11. Bxc6+ bxc6 12. Nbd2 Qd5 13. Qc2 Ne7 14.
b3 cxb3 15. axb3 O-O 16. Qc3 Rfd8 17. Bb2 h6 18. Ra5 Bxf2+ 19. Rxf2 Qd3 20. Qxd3 Rxd3 21. Nd4 Rd8 22. N2f3 Bxf3 23. Nxf3 Rxb3 24. Rxa6 Rd1+ 25. Kh2 g5 26. Ra8+ Kh7 27. Ra7 Nf5 28. Rxf7+ Kg6 29. Rf6+ Kg7 30. Rxe6 Ne3 31. Rxc6 Nf1+ 32. Rxf1 Rxf1 33.
Bd4 Rb8 34. e6+ Kg8 35. Rc7 Re8 36. Rg7+ Kf8 37. Rf7+ Kg8 38. Ne5 Rd1 39. Rd7 Rxe6 40. Rd8+ Kh7 41. Nf3 Re7 0-1

[Event "*** Titled Tuesday Blitz"]
[Site "Chess.com"]
[Date "2020.02.04"]
[Round "8"]
[White "allvim"]
[Black "maciek_92"]
[Result "1-0"]
[WhiteElo "2434"]
[BlackElo "2792"]
[TimeControl "180+2"]
[EndTime "14:53:32 PST"]
[Termination "allvim won on time"]

1. d4 Nf6 2. c4 e6 3. Nc3 d5 4.
Nf3 Be7 5. Bf4 O-O 6. e3 b6 7.
h3 Bb7 8. cxd5 exd5 9. Be2 Bd6 10.
Bxd6 Qxd6 11. O-O a6 12. Qc2 Nbd7 13. a3 Rfe8 14. b4 Re7 15. Rac1 Rae8 16. Bd3 Ne4 17.
Nd2 Nf8 18. Ndxe4 dxe4 19. Be2 Re6 20. Nb1 R6e7 21. Nd2 Kh8 22. Nc4 Qf6 23. Ne5 Ng6 24. Nc6 Rd7 25. b5 a5 26. Bg4 Rd5 27. a4 h5 28. Be2 Bc8 29. Na7 Rg5 30. Nxc8 Rxc8 31. Qxe4 Nh4 32. g3 Nf5 33. Kh2 Nd6 34. Qh4 Nf5 35.
Qf4 Re8 36. Rxc7 g6 37. Rc6 Qe7 38. h4 Rg4 39. Qc7 Rxh4+ 40. Kg1 1-0

[Event "*** Titled Tuesday Blitz"]
[Site "Chess.com"]
[Date "2020.02.04"]
[Round "8"]
[White "DiamondCrusher22"]
[Black "JozefKneht"]
[Result "1-0"]
[WhiteElo "2046"]
[BlackElo "2418"]
[TimeControl "180+2"]
[EndTime "14:53:36 PST"]
[Termination "DiamondCrusher22 won by resignation"]

1. e4 c6 2. Bc4 d5 3. Bb3 dxe4 4.
Qh5 g6 5. Qh4 Nf6 6. Nc3 Bf5 7.
f3 exf3 8. Nxf3 Bg7 9. d4 O-O 10.
O-O Nd5 11. Bh6 Nxc3 12. bxc3 e6 13. Ng5 Qf6 14. g4 Nd7 15. gxf5 exf5 16. Rf3 a5 17. a3 Bxh6 18. Qxh6 Qg7 19. Rh3 Nf6 20. Qxg7+ Kxg7 21. Re3 h6 22. Nf3 Rae8 23. Rae1 Rxe3 24. Rxe3 f4 25. Re7 g5 26. Rxb7 g4 27. Ne5 Nd5 28. Bxd5 cxd5 29.
Rd7 h5 30. Rxd5 Kf6 31. Rxa5 Rc8 32. Rc5 Ra8 33. Nc4 Re8 34. Kf2 Kg6 35. Ne5+ Kf6 36. Rc6+ Kf5 37. Nxf7 Ra8 38. Nd6+ Kg5 39. Nc4 h4 40.
Rc5+ Kf6 41. Ne5 Rxa3 42. Nxg4+ Kg6 43. Kf3 Ra2 44. Kxf4 Rxc2 45. d5 Rc1 46. d6 Rf1+ 47. Ke3 Rd1 48. d7 Kf7 49. Rc8 Rxd7 50. Ne5+ Ke6 1-0

[Event "*** Titled Tuesday Blitz"]
[Site "Chess.com"]
[Date "2020.02.04"]
[Round "8"]
[White "Sanyura"]
[Black "esteban062000"]
[Result "1-0"]
[WhiteElo "2492"]
[BlackElo "2172"]
[TimeControl "180+2"]
[EndTime "14:53:39 PST"]
[Termination "Sanyura won on time"]

1. e4 c5 2. Nf3 g6 3. d4 cxd4 4.
Nxd4 Nc6 5. c4 Nf6 6. Nc3 Nxd4 7. Qxd4 d6 8. Be3 Bg7 9. f3 O-O 10. Qd2 Be6 11. Be2 a6 12. O-O Qa5 13. Rfd1 Rfc8 14.
Nd5 Qxd2 15. Rxd2 Bxd5 16. cxd5 Nd7 17. Kf2 Rc7 18. Rb1 Rac8 19. b4 Rc2 20. Bd3 Rxd2+ 21.
Bxd2 Bd4+ 22. Ke2 Ne5 23. b5 axb5 24. Rxb5 b6 25. f4 Nxd3 26. Kxd3 Bc5 27. a4 Ra8 28. a5 bxa5 29. Bxa5 Bg1 30. h3 Bc5 31. e5 Kg7 32.
Bc3 Kf8 33. Rb7 dxe5 34. fxe5 Bf2 35. Bb4 Re8 36. Kc4 Bh4 37. d6 exd6 38. exd6 Re4+ 39.
Kd5 Re2 40. Bc3 Re8 41. d7 Ra8 42. Rc7 Rd8 43. Kc6 f5 44. Rc8 Kf7 45. Ba5 1-0

[Event "*** Titled Tuesday Blitz"]
[Site "Chess.com"]
[Date "2020.02.04"]
[Round "8"]
[White "Firouzja2003"]
[Black "FairChess_on_YouTube"]
[Result "1/2-1/2"]
[WhiteElo "3147"]
[BlackElo "3043"]
[TimeControl "180+2"]
[EndTime "14:53:47 PST"]
[Termination "Game drawn by repetition"]

1. e4 e5 2. Nf3 Nc6 3. Bb5 Nf6 4. d3 Bc5 5. c3 O-O 6. O-O d6 7. h3 h6 8. Re1 a6 9. Bxc6 bxc6 10. d4 Ba7 11. dxe5 dxe5 12. Qe2 Re8 13. Be3 Nh5 14. Bxa7 Rxa7 15. Nbd2 Nf4 16. Qe3 Rb7 17. b4 Qf6 18.
Kh2 Rd8 19. Red1 Bxh3 20. gxh3 Rd3 21. Qe1 Qe6 22. Qf1 Rb8 23. Ng1 Rxc3 24. a3 Rc2 25.
Rac1 Ra2 26. Nc4 c5 27. Rd2 Rxd2 28. Nxd2 cxb4 29. axb4 Rxb4 30. Rxc7 Rb2 31. Ngf3 a5 32.
Rc5 Qd6 33. Rxa5 Rxd2 34. Nxd2 Qxd2 35. Rxe5 Qc3 36. Rf5 Qf3 37. e5 g6 38. Rf6 Kg7 39.
h4 h5 40. Kg1 Qg4+ 41. Kh2 Qxh4+ 42. Kg1 Qg5+ 43. Kh1 Qh4+ 44. Kg1 Qg4+ 45. Kh2 Qh4+ 46.
Kg1 1/2-1/2

[Event "*** Titled Tuesday Blitz"]
[Site "Chess.com"]
[Date "2020.02.04"]
[Round "8"]
[White "mortngabriel"]
[Black "Kosche007"]
[Result "1/2-1/2"]
[WhiteElo "2409"]
[BlackElo "2316"]
[TimeControl "180+2"]
[EndTime "14:53:49 PST"]
[Termination "Game drawn by repetition"]

1. d4 Nf6 2. Nc3 d5 3. Bf4 c5 4. Nb5 Qa5+ 5. Nc3 cxd4 6. Qxd4 Nc6 7. Qa4 Qxa4 8. Nxa4 e5 9. Bd2 Bf5 10. Rc1 Be7 11.
Nf3 O-O 12. e3 Ne4 13. Bb5 f6 14. O-O Rfc8 15. Bxc6 Rxc6 16. Nc3 Nxd2 17. Nxd2 Bb4 18. Nxd5 Bxd2 19. Rcd1 Rxc2 20. Ne7+ Kf7 21. Nxf5 Rxb2 22. Nd6+ Ke6 23. Nxb7 Rc8 24. Rb1 Rxa2 25. g4 a5 26. Rb6+ Kd7 27. Rd1 Rc6 28. Rb5 Kc7 29. Nc5 Bb4 30.
Nd3 Rcc2 31. Nxb4 axb4 32. Rxb4 Rxf2 33. Rc4+ Kb6 34. Rb1+ Rab2 35. Rb4+ Rxb4 36. Rxb4+ Kc5 37. Rb7 Rf3 38. Rxg7 Rxe3 39. Rxh7 Kd5 40. Kf2 Re4 41. Kf3 Rf4+ 42. Kg3 Ke6 43. h4 Ra4 44. h5 Ra3+ 45.
Kh4 Ra1 46. Rh8 Rh1+ 47. Kg3 Kf7 48. Kg2 Rh4 49. Kg3 Rh1 50. Kg2 Rh4 51. Kg3 Rh1 1/2-1/2

[Event "*** Titled Tuesday Blitz"]
[Site "Chess.com"]
[Date "2020.02.04"]
[Round "8"]
[White "pawnwonder"]
[Black "Andro2"]
[Result "0-1"]
[WhiteElo "2163"]
[BlackElo "2441"]
[TimeControl "180+2"]
[EndTime "14:53:50 PST"]
[Termination "Andro2 won by checkmate"]

1. e4 d6 2. d4 Nf6 3. Nc3 g6 4. f4 Bg7 5. Nf3 O-O 6. e5 dxe5 7. fxe5 Nd5 8. Bc4 Nxc3 9. bxc3 c5 10. O-O Bg4 11. Be3 Nc6 12. h3 Bxf3 13. Rxf3 cxd4 14. cxd4 e6 15. Rb1 Rc8 16. Bb3 Na5 17. Qd2 Nc4 18.
Bxc4 Rxc4 19. Rxb7 Qc8 20. Rb2 Rd8 21. Qf2 Rd7 22.
Qe2 Rdc7 23. Rf2 a5 24. Kh1 h5 25. Qf3 Rc3 26. Qf4 a4 27. a3 Rxa3 28. Rf1 Rac3 29.
Rfb1 Qd7 30. Rb8+ Kh7 31. g4 Qd5+ 32. Kh2 h4 33. Bf2 Rxc2 34. R1b2 Rxb2 35. Rxb2 a3 36. Rb8 a2 37. Qg5 a1=Q 38. Qxh4+ Bh6 39. Qf6 Qah1+ 40. Kg3 Qdg2+ 41. Kh4 Qhxh3# 0-1

[Event "*** Titled Tuesday Blitz"]
[Site "Chess.com"]
[Date "2020.02.04"]
[Round "8"]
[White "Bathory44"]
[Black "IakovUlivar"]
[Result "1/2-1/2"]
[WhiteElo "2588"]
[BlackElo "2464"]
[TimeControl "180+2"]
[EndTime "14:53:51 PST"]
[Termination "Game drawn by repetition"]

1. e4 c5 2. c3 e6 3. d4 d5 4. exd5 exd5 5. Bb5+ Bd7 6. Bxd7+ Nxd7 7. Nf3 Ngf6 8. O-O Be7 9. Re1 O-O 10. dxc5 Nxc5 11. Be3 Ne6 12. Nbd2 Re8 13. Nf1 Ne4 14. Nd4 Bf6 15.
Nxe6 Rxe6 16. Qb3 b6 17. Rad1 Rd6 18. Bf4 Nc5 19. Qa3 Re6 20. Be3 Be7 21. Bxc5 Bxc5 22. Qb3 Qf6 23. Ne3 Bxe3 24. Rxe3 Rxe3 25. fxe3 Qe6 26.
Qxd5 Qxe3+ 27. Kh1 Re8 28. h3 g6 29. Qd2 Qg3 30.
Rf1 Qe5 31. Qf2 Re7 32. Rd1 Kg7 33. Kg1 h5 34. Qd4 Qxd4+ 35. Rxd4 Re2 36. Rb4 Kf6 37. Rb5 Ke6 38. a4 Kd6 39. a5 Kc6 40. c4 h4 41.
axb6 axb6 42. b3 Re3 43. Kf1 Rc3 44. Kf2 f5 45. Kf1 Rc1+ 46. Kf2 Rc2+ 47. Kf3 Rc3+ 48. Kf2 Rc2+ 49. Kf3 Rc3+ 50. Kf2 Rc2+ 1/2-1/2

[Event "*** Titled Tuesday Blitz"]
[Site "Chess.com"]
[Date "2020.02.04"]
[Round "8"]
[White "GadimbayliA"]
[Black "Shukh_Nikolay"]
[Result "1-0"]
[WhiteElo "2902"]
[BlackElo "2549"]
[TimeControl "180+2"]
[EndTime "14:53:53 PST"]
[Termination "GadimbayliA won by resignation"]

1. e4 e5 2. Nf3 Nc6 3. Nc3 Nf6 4. d4 Bb4 5. d5 Ne7 6. Bd3 d6 7. O-O Bxc3 8. bxc3 O-O 9. h3 Ng6 10. Nh2 h6 11. Ng4 Nxg4 12. hxg4 Qh4 13. f3 Bd7 14. Be3 b6 15. Qd2 a5 16. Rab1 Qg3 17. Qf2 Qxf2+ 18. Kxf2 f6 19. g3 Rf7 20. Rh1 Kf8 21.
Be2 Ke7 22. f4 Kd8 23. Kg2 Kc8 24. Bd2 Kb7 25. g5 fxg5 26. Bh5 exf4 27. Bxg6 Rf6 28. Bh5 fxg3 29. Rhf1 Raf8 30. Rxf6 Rxf6 31. Kxg3 g6 32. Be2 Ba4 33. Bd3 g4 34. Bxh6 Rf3+ 35. Kxg4 Rf2 36.
Kg3 Rf7 37. Bd2 Rh7 38. Kg2 Rh4 39. c4 Rg4+ 40. Kf3 Rh4 41. Bxa5 Rh2 42. Kg3 Bxc2 43. Kxh2 Bxd3 44. Rd1 Bxc4 45. Bc3 Bxa2 46. Kg3 Ka6 47. Kf4 Kb5 48. Bf6 Kc4 49. Rc1+ Kd3 50.
Rxc7 b5 1-0

[Event "*** Titled Tuesday Blitz"]
[Site "Chess.com"]
[Date "2020.02.04"]
[Round "8"]
[White "olksuna"]
[Black "mbojan"]
[Result "1-0"]
[WhiteElo "2622"]
[BlackElo "2742"]
[TimeControl "180+2"]
[EndTime "14:53:55 PST"]
[Termination "olksuna won by checkmate"]

1. d4 Nf6 2. c4 c5 3. d5 b5 4.
cxb5 a6 5. e3 g6 6. Nc3 Bg7 7. a4 O-O 8. Nf3 axb5 9. Bxb5 Ne8 10.
O-O Ba6 11. Bxa6 Nxa6 12. Qe2 Nb4 13. e4 d6 14. Bf4 Nc7 15. h3 Qc8 16. Rad1 Qa6 17.
Rfe1 Qxe2 18. Rxe2 Ra6 19. e5 Rd8 20. exd6 exd6 21.
Re7 Bxc3 22. Rxc7 Bxb2 23. Ng5 Rf8 24. Ne4 Bd4 25. Bxd6 Nxd5 26. Nxc5 Bxf2+ 27. Kxf2 Rxd6 28. Ra7 Rf6+ 29. Kg1 Rf5 30. Nd7 Rd8 31. g4 Rg5 32.
a5 h5 33. a6 Kg7 34. Rb7 hxg4 35. h4 Rf5 36. a7 Ra8 37. Ra1 Nf4 38. Rb8 Ne2+ 39. Kg2 Rxa7 40. Rxa7 g3 41. Rb1 Rf2+ 42. Kh3 Kh6 43. Ne5 Rh2+ 44. Kg4 f5+ 45. Kf3 Rf2+ 46. Ke3 Kh5 47. Rh7# 1-0

[Event "*** Titled Tuesday Blitz"]
[Site "Chess.com"]
[Date "2020.02.04"]
[Round "8"]
[White "Storne89"]
[Black "SARGISMV"]
[Result "0-1"]
[WhiteElo "2632"]
[BlackElo "2435"]
[TimeControl "180+2"]
[EndTime "14:53:58 PST"]
[Termination "SARGISMV won by resignation"]

1. e4 e6 2. d4 d5 3. Nc3 Bb4 4. e5 Ne7 5. a3 Bxc3+ 6. bxc3 c5 7. h4 Qc7 8. h5 h6 9. Bd2 b6 10. Bb5+ Bd7 11. Bd3 c4 12. Be2 Ba4 13. f4 Kd7 14. Nf3 Nbc6 15. g4 f5 16. Nh4 Rhf8 17. Rg1 Rf7 18.
gxf5 Nxf5 19. Nxf5 exf5 20. Rg6 Nd8 21. Bf3 Bc6 22. Rd6+ Ke7 23. Rxd5 Qb7 24. e6 Nxe6 25. Re5 Bxf3 26. Qb1 Rd8 27. Qb4+ Kf6 28. Qxc4 Re7 29.
Be3 Bg4 30. d5 Nc5 31. Bd4 Rxe5+ 32. fxe5+ Kf7 33. Bxc5 bxc5 34. d6+ Kf8 35. Qd3 Qh1+ 36. Kd2 Qxa1 37. Qc4 Qd1+ 38. Ke3 Qg1+ 39. Kd2 Qf2+ 40. Kc1 Qe3+ 41. Kb2 Qxe5 0-1

[Event "*** Titled Tuesday Blitz"]
[Site "Chess.com"]
[Date "2020.02.04"]
[Round "8"]
[White "Barcelona_Guy"]
[Black "GMKrikor"]
[Result "0-1"]
[WhiteElo "2637"]
[BlackElo "2807"]
[TimeControl "180+2"]
[EndTime "14:53:59 PST"]
[Termination "GMKrikor won by resignation"]

1. e4 c5 2. Nf3 g6 3. d4 cxd4 4.
c3 d5 5. exd5 Qxd5 6. cxd4 Bg7 7.
Nc3 Qd8 8. Bc4 Nf6 9. O-O O-O 10. h3 Nc6 11. Re1 Na5 12. Bf1 Be6 13. Ne5 Rc8 14.
Qa4 a6 15. Bd2 Nc6 16. Nxc6 Rxc6 17. Rad1 Nd5 18. Bg5 Rxc3 19. bxc3 Nxc3 20. Qb4 Nxd1 21. Bxe7 Qxd4 22. Qxd4 Bxd4 23. Rxd1 Re8 24. Rxd4 Rxe7 25. a4 Rc7 26. Kh2 Kf8 27. Kg3 Ke7 28. Bd3 Rc3 29.
Kf4 h6 30. h4 Rb3 31. Be4 a5 32.
g4 b6 33. Bc6 Rb4 34. Re4 Kd6 35. Be8 Bd5 36. Rxb4 axb4 37. Ke3 g5 38. hxg5 hxg5 39. Kd4 f6 40. Bg6 Be6 41. f3 Bd5 42. Ke3 Kc5 43. Bd3 b3 44. f4 Bc6 45. fxg5 fxg5 46.
Bb1 Bxa4 47. Ke4 Bd7 48. Kd3 Kb4 0-1

[Event "*** Titled Tuesday Blitz"]
[Site "Chess.com"]
[Date "2020.02.04"]
[Round "8"]
[White "ehrenfeld"]
[Black "goldenspine"]
[Result "0-1"]
[WhiteElo "2469"]
[BlackElo "2348"]
[TimeControl "180+2"]
[EndTime "14:54:01 PST"]
[Termination "goldenspine won by resignation"]

1. e4 c6 2. d4 d5 3. exd5 cxd5 4. Bd3 Nc6 5. c3 Qc7 6. h3 Nf6 7. Nf3 e5 8. dxe5 Ne4 9. O-O Nxe5 10. Nxe5 Qxe5 11. Bb5+ Bd7 12. Bxd7+ Kxd7 13. c4 Bd6 14. f4 Bc5+ 15. Kh2 Qd4 16. Qxd4 Bxd4 17. Rd1 Bf6 18. Rxd5+ Kc6 19. Nd2 Rhe8 20. Nf3 Nd6 21. Nd4+ Bxd4 22. Rxd4 Re2 23. Bd2 Nf5 24. Rd3 Nh4 25. Rg1 Rae8 26.
b4 Rf2 27. Be1 Rxe1 28. Rxe1 Rxg2+ 29. Kh1 Rxa2 30. Re5 f6 31. b5+ Kb6 32. Re7 Rf2 33.
Rxg7 Nf3 34. Rxf3 Rxf3 35. Rxh7 Rxf4 36. Rf7 Rxc4 37. Rxf6+ Kxb5 38. Kg2 a5 39. Rf5+ Rc5 40. Rf8 a4 41. Ra8 Kb4 42. h4 a3 43. Kf3 b5 44.
Ke3 Kb3 45. Kd3 Rd5+ 46. Ke4 Rh5 0-1

[Event "*** Titled Tuesday Blitz"]
[Site "Chess.com"]
[Date "2020.02.04"]
[Round "8"]
[White "Carnivoras"]
[Black "PowerThinking2650"]
[Result "0-1"]
[WhiteElo "2534"]
[BlackElo "2410"]
[TimeControl "180+2"]
[EndTime "14:54:02 PST"]
[Termination "PowerThinking2650 won by resignation"]

1. d4 Nf6 2. Nf3 g6 3. Bf4 Bg7 4. e3 O-O 5. Be2 d6 6. O-O Nh5 7. Bg5 h6 8. Bh4 g5 9. Nfd2 gxh4 10. Bxh5 c5 11. c3 Nc6 12. d5 Ne5 13. f4 Ng6 14. h3 b5 15. Nf3 b4 16. Bxg6 fxg6 17. Nxh4 Qe8 18. Nf3 Rb8 19. Qc2 Qf7 20. c4 Qf6 21.
Rf2 e6 22. Nbd2 Qxb2 23. Qxb2 Bxb2 24. Rb1 Bf6 25. Ne4 Be7 26. Nfd2 exd5 27. cxd5 Ba6 28.
Rc1 Bd3 29. Ng3 Bh4 30. Rf3 a5 31. e4 Bb5 32. Ngf1 a4 33. Ne3 Bf6 34. Nec4 Bd4+ 35.
Kh2 Rfd8 36. Rd3 Kf7 37. Nf3 Bf6 38. e5 Bxc4 39. Rxc4 Be7 40. exd6 Bxd6 41. Ne5+ Bxe5 42. fxe5 b3 43. axb3 axb3 44. e6+ Ke7 45. Rc1 b2 46. Rb1 c4 47. Rc3 Rb4 48. Rc2 Rxd5 49. Rbxb2 Rxb2 50. Rxb2 c3 51. Rb7+ Kxe6 52. Rg7 Rc5 0-1

[Event "*** Titled Tuesday Blitz"]
[Site "Chess.com"]
[Date "2020.02.04"]
[Round "8"]
[White "MisiekZielony"]
[Black "karinachess1"]
[Result "0-1"]
[WhiteElo "2346"]
[BlackElo "2491"]
[TimeControl "180+2"]
[EndTime "14:54:14 PST"]
[Termination "karinachess1 won on time"]

1. c4 Nf6 2. Nc3 e6 3. Nf3 d5 4. d4 Bb4 5. cxd5 exd5 6. Bg5 Nbd7 7. Rc1 h6 8. Bh4 g5 9. Bg3 Ne4 10. e3 c6 11. Bd3 Nxg3 12. hxg3 Qe7 13. a3 Bd6 14. Kf1 Nf8 15. Qc2 Be6 16. Na4 Nd7 17. b4 Rc8 18. Nc5 Nxc5 19. dxc5 Bc7 20. Nd4 Qf6 21. Kg1 Ke7 22. Rd1 h5 23. Be2 h4 24.
g4 Rh6 25. Rh3 Qg7 26. b5 Be5 27. bxc6 bxc6 28. Qa4 Bxd4 29. exd4 Rc7 30. Qa5 Rd7 31. Re3 Rf6 32. Qd2 Rf4 33. f3 Qf6 34. Re5 Rb7 35. Qe3 Kf8 36. Rd3 Kg7 37. Kh2 Rb2 38. Rd2 Rb1 39. Rd1 Rb7 40. Rd2 a5 41. Rd3 Rb2 42. Rb3 Rxb3 43. Qxb3 Rxd4 44. Qe3 Rf4 45. Bd3 d4 46. Qe1 Bd5 47. Kh3 Bxf3 0-1

[Event "*** Titled Tuesday Blitz"]
[Site "Chess.com"]
[Date "2020.02.04"]
[Round "8"]
[White "Leonid_Starozhilov"]
[Black "VladDobrov"]
[Result "0-1"]
[WhiteElo "2669"]
[BlackElo "2904"]
[TimeControl "180+2"]
[EndTime "14:54:15 PST"]
[Termination "VladDobrov won by resignation"]

1. e4 c5 2. Nf3 Nc6 3. Bb5 e6 4.
O-O Nge7 5. Re1 a6 6. Bxc6 Nxc6 7.
d4 cxd4 8. Nxd4 Ne5 9. Nd2 b5 10.
N2f3 Ng6 11. Nf5 d6 12. Ng3 Bb7 13. b3 Be7 14. Bb2 O-O 15. Nh5 e5 16. Ng3 Nf4 17. Bc1 Ne6 18. Nf5 g6 19. Nxe7+ Qxe7 20. a4 Nc5 21. Ba3 Nxe4 22. Rxe4 Bxe4 23. Bxd6 Bxf3 24. Bxe7 Bxd1 25. Bxf8 Bxc2 26. Bd6 bxa4 27. bxa4 f6 28. a5 Kf7 29. Bc7 Rc8 30. Bb6 Bd3 31. h3 g5 32.
Rd1 Bb5 33. Rd6 Ke7 34. Rd2 h5 35. Kh2 h4 36. f3 Ke6 37. Bf2 Rc3 38. Bb6 Rc1 39.
Rf2 Rd1 40. Be3 Rd3 41. Bb6 Kf5 42. Rb2 Kg6 43. Rc2 Kf5 44. Rf2 Kf4 45. Rb2 Ra3 46. Rb4+ Kf5 47. Rb2 Ke6 48. Rd2 Bd3 49. Rb2 e4 50.
fxe4 Bxe4 51. Kg1 Kf7 52. Rf2 Kg6 53. Rb2 f5 54. Kh2 g4 55. hxg4 fxg4 56. Bc7 g3+ 57.
Kh3 Kh5 58. Bxg3 hxg3 59. Rb3 Bf5+ 0-1

[Event "*** Titled Tuesday Blitz"]
[Site "Chess.com"]
[Date "2020.02.04"]
[Round "8"]
[White "sergiochess83"]
[Black "Tayson_7"]
[Result "1-0"]
[WhiteElo "2964"]
[BlackElo "2703"]
[TimeControl "180+2"]
[EndTime "14:54:18 PST"]
[Termination "sergiochess83 won by checkmate"]

1. e4 c5 2. Nf3 d6 3. d4 cxd4 4. Nxd4 Nf6 5. Nc3 a6 6. a4 e5 7. Nf3 Be7 8. Bc4 Be6 9. Qe2 Bxc4 10. Qxc4 Nbd7 11. O-O Rc8 12. Qe2 O-O 13. Rd1 h6 14.
Nh4 Re8 15. Nf5 Rc6 16. Bxh6 gxh6 17. Nxh6+ Kf8 18. Nf5 Nc5 19. Nd5 Ng8 20. Ra3 Bg5 21. Rh3 Nd7 22. Rh8 Re6 23. h4 Bf6 24. Qh5 Bxh8 25.
Qxh8 Rg6 26. h5 Rg5 27. h6 Nf6 28. h7 Nxh7 29. Qxh7 Rxc2 30. Qh4 Rc8 31. Nde7 Rxf5 32. Nxf5 Qxh4 33. Nxh4 Nf6 34. f3 d5 35. exd5 Rc4 36. Nf5 Rxa4 37. Rc1 Ke8 38. Rc7 Nxd5 39. Rxb7 Rb4 40.
Nd6+ Kf8 41. Rxf7+ Kg8 42. Rb7 Rd4 43. g4 Nf4 44.
Ne4 Rd1+ 45. Kf2 Rc1 46. Nf6+ Kf8 47. Ra7 Rc2+ 48. Kg3 Ne6 49. Nd7+ Ke7 50. Nxe5+ Kf6 51. f4 Rxb2 52. Rf7# 1-0

[Event "*** Titled Tuesday Blitz"]
[Site "Chess.com"]
[Date "2020.02.04"]
[Round "8"]
[White "2nd_life"]
[Black "GianmarcoVaR"]
[Result "0-1"]
[WhiteElo "2491"]
[BlackElo "2623"]
[TimeControl "180+2"]
[EndTime "14:54:25 PST"]
[Termination "GianmarcoVaR won on time"]

1. e4 c5 2. c3 Nf6 3. e5 Nd5 4.
d4 cxd4 5. Nf3 d6 6. cxd4 Nc6 7. Bc4 Nb6 8. Bb5 dxe5 9. Nxe5 Bd7 10. Nxd7 Qxd7 11. Nc3 e6 12. O-O Be7 13. Qg4 O-O 14. Rd1 Rfd8 15. Bh6 Bf8 16. Bg5 Be7 17. d5 Nxd5 18.
Nxd5 exd5 19. Qxd7 Rxd7 20. Bxe7 Rxe7 21. Rxd5 Ne5 22.
Rc1 g5 23. g3 g4 24. Kg2 h5 25. h3 Kg7 26. Be2 gxh3+ 27. Kxh3 h4 28. gxh4 Ng6 29. Rg1 Rxe2 30. h5 Rh8 31. Kg3 Re5 32. Rxe5 Nxe5 33. Kf4+ Kf6 34. Rh1 Nd3+ 35. Kf3 b6 36. b3 Nb4 37. a4 Nc6 38. Ke4 Re8+ 39. Kd5 Ne7+ 40. Kd6 Nf5+ 41. Kc7 Nh6 42. Kb7 Re7+ 43. Ka6 Kg5 44.
b4 f5 45. a5 bxa5 46. bxa5 f4 47. Kb5 Kg4 0-1

[Event "*** Titled Tuesday Blitz"]
[Site "Chess.com"]
[Date "2020.02.04"]
[Round "8"]
[White "JonahWillow"]
[Black "TristanCalistri"]
[Result "0-1"]
[WhiteElo "2727"]
[BlackElo "2325"]
[TimeControl "180+2"]
[EndTime "14:54:29 PST"]
[Termination "TristanCalistri won by checkmate"]

1. e4 e5 2. Nf3 d6 3. Nc3 Nf6 4. d4 exd4 5. Nxd4 Be7 6. g3 d5 7. e5 Ng4 8. Bg2 c6 9. e6 Nf6 10. exf7+ Kxf7 11. O-O Na6 12. Qe2 Re8 13. Bg5 h6 14. Bxf6 Bxf6 15. Qf3 Kg8 16. Nf5 Re5 17. Bh3 Nc5 18. Rae1 Bxf5 19. Bxf5 Qd6 20. Qg4 Rae8 21. Rxe5 Rxe5 22. Qg6 Ne6 23. Qh7+ Kf8 24. Bg6 Ke7 25. Qg8 Kd7 26. Qa8 Kc7 27. Qxa7 Qc5 28. Qa8 Rg5 29.
Qe8 Nd4 30. h4 Rg4 31. Kg2 Bxh4 32. Re1 Qd6 33. Qf7+ Kb6 34. Na4+ Ka7 35. Re8 Rxg3+ 36. fxg3 Qxg3+ 37. Kf1 Qh3+ 38. Kg1 Nf3+ 39. Qxf3 Qxf3 40. Bd3 Qg4+ 41. Kf1 Qxa4 42. Re2 Qf4+ 43. Kg1 Qg3+ 44. Rg2 Qe1+ 45. Kh2 Bf6 46. Re2 Qh4+ 47. Kg2 Qg4+ 48. Kh2 Qh5+ 49. Kg2 Qg5+ 50. Kh2 Qh4+ 51. Kg2 Qg4+ 52.
Kf1 h5 53. Rg2 Qf4+ 54. Rf2 Qc1+ 55. Kg2 Qxb2 56. a4 Qd4 57. Rf5 h4 58. Kh3 Qe3+ 59.
Kg4 Qg3+ 60. Kh5 g6+ 61. Kh6 gxf5 62. Bxf5 Qg5+ 63. Kh7 Qg7# 0-1

[Event "*** Titled Tuesday Blitz"]
[Site "Chess.com"]
[Date "2020.02.04"]
[Round "8"]
[White "kingofthenil"]
[Black "Volodar_Murzin"]
[Result "0-1"]
[WhiteElo "2492"]
[BlackElo "2650"]
[TimeControl "180+2"]
[EndTime "14:54:37 PST"]
[Termination "Volodar_Murzin won by resignation"]

1. d4 d5 2. c4 c6 3. cxd5 cxd5 4. Bf4 Nc6 5. e3 Nf6 6. Nc3 Bf5 7. Qb3 Qb6 8. Qxb6 axb6 9. a3 e6 10. Rc1 Kd7 11.
Bb5 Bd6 12. Bxd6 Kxd6 13. Nf3 Nd7 14. Ke2 Rhc8 15. Rhd1 f6 16. Bd3 Bxd3+ 17. Rxd3 Ke7 18. Rdd1 Na5 19. Nd2 Rc6 20. Na2 Rac8 21. Rc3 b5 22. Rdc1 Nb6 23. Rxc6 Rxc6 24. Rxc6 Nxc6 25. b3 Nc8 26. Kd3 Nd6 27. Nb4 Nxb4+ 28. axb4 e5 29. e4 Ke6 30. dxe5 fxe5 31. exd5+ Kxd5 32. f3 Nf5 33. Ne4 Nd4 34. Nc3+ Ke6 35. Ke4 g5 36. g4 Nxb3 37. Nxb5 Nd2+ 38. Ke3 Nc4+ 39. Kd3 Nb6 40. Na3 Nd5 41. Nc2 b6 42. Ke4 Nf6+ 43. Kd3 e4+ 44.
fxe4 Nxg4 45. Nd4+ Kd6 46. h3 Nf2+ 47. Ke3 Nxh3 48. Ne2 Nf4 49. Nc3 h5 50. Kd4 h4 51.
e5+ Ke6 52. Ne4 g4 53. Ng5+ Kf5 54. e6 Nxe6+ 55. Nxe6 Kxe6 56. Ke4 g3 0-1

[Event "*** Titled Tuesday Blitz"]
[Site "Chess.com"]
[Date "2020.02.04"]
[Round "8"]
[White "kosya4ok"]
[Black "Kislov_Oleg"]
[Result "0-1"]
[WhiteElo "2611"]
[BlackElo "2520"]
[TimeControl "180+2"]
[EndTime "14:54:39 PST"]
[Termination "Kislov_Oleg won by resignation"]

1. e4 e6 2. d4 d5 3. Nc3 Nf6 4. Bg5 dxe4 5. Nxe4 Be7 6. Bxf6 gxf6 7. Qd2 b6 8. O-O-O Bb7 9. Ng3 c6 10. Nh3 Qc7 11. Nh5 Nd7 12. Ng7+ Kd8 13. Nf4 Qd6 14. Bc4 Kc7 15. Ngxe6+ fxe6 16. Nxe6+ Kb8 17. Rhe1 a5 18. d5 cxd5 19. Qe3 Ne5 20. Bxd5 Bxd5 21. Nf4 Qc5 22.
Nxd5 Qxe3+ 23. Rxe3 Bc5 24. Re4 Rf8 25. c3 Kb7 26. b4 axb4 27. cxb4 Bxf2 28. Rd2 b5 29. Kd1 Bb6 30. Rf4 Nc4 31. Re2 Rad8 32. Rf5 Ne3+ 33.
Rxe3 Bxe3 34. Kc2 Bd4 35. Nf4 Be5 36. Ne6 Rc8+ 37. Kd3 Rc3+ 38. Kd2 Rfc8 39. Nc5+ R3xc5 40. bxc5 Rxc5 41. Kd1 Rc7 42. Rh5 Kb6 43. g4 Kc5 44. Kc2 Kb4+ 45. Kb1 Rg7 46. h3 Kc3 47. Rf5 Rd7 48.
Rf1 Rd2 49. Rc1+ Kb4 50. Re1 Rb2+ 51. Kc1 Rxa2 52. Re4+ Kc3 53. Kb1 Rb2+ 54. Ka1 Kd3 55. Rxe5 fxe5 56. Kxb2 e4 57. Kc1 e3 58. g5 e2 0-1

[Event "*** Titled Tuesday Blitz"]
[Site "Chess.com"]
[Date "2020.02.04"]
[Round "8"]
[White "Gusarov91"]
[Black "vova-79"]
[Result "1-0"]
[WhiteElo "2612"]
[BlackElo "2463"]
[TimeControl "180+2"]
[EndTime "14:54:42 PST"]
[Termination "Gusarov91 won on time"]

1. d4 d5 2. Nf3 Nf6 3. c4 c6 4. Nc3 e6 5. Qb3 dxc4 6. Qxc4 b5 7. Qb3 a6 8. g3 c5 9. dxc5 Bxc5 10. Bg2 Qb6 11. O-O Bb7 12. a4 bxa4 13. Qxb6 Bxb6 14.
Nxa4 Ba7 15. b3 O-O 16. Ba3 Rc8 17. Rac1 Nbd7 18. Nd2 Bxg2 19. Kxg2 h6 20. Nc4 Rab8 21. Na5 Rxc1 22. Rxc1 Rb5 23. Rc8+ Kh7 24. b4 Nd5 25.
Nc6 N7b6 26. Nxb6 Bxb6 27. e4 Nf6 28. f3 a5 29. Rb8 axb4 30. Bxb4 Nd7 31. Rb7 Ne5 32. Nxe5 Rxb4 33. Nxf7 Rb2+ 34. Kh3 Bd4 35. Rxb2 Bxb2 36. Nd8 e5 37. Kg4 Kg6 38. Nc6 h5+ 39.
Kh4 Kh6 40. Kh3 Kg5 41. Ne7 g6 42. Kg2 Kf6 43. Nd5+ Ke6 44. Kh3 Bc1 45. g4 hxg4+ 46. Kxg4 Bd2 47. Nc7+ Kf6 48. h4 Bc1 49. Nd5+ Ke6 50.
Nb4 Kf6 51. Nd3 Bd2 52. Nf2 Bc1 53. Nh3 Bd2 54. h5 gxh5+ 55. Kxh5 Be3 56. Kg4 Kg6 57. Kh4 Kf6 58. Kg3 Kg6 59. Nf2 Bd2 60. Nd3 Bc3 61. Kg4 Bd4 62. Nb4 Bc3 63. Nd5 Bb2 64.
Ne7+ Kf6 65. Nf5 Kg6 66. Ne3 Kf6 67. Kh5 1-0